 Dungeon Crawl Stone Soup version 0.31-a0-435-g2c6fae2916 (webtiles) character file.

Game seed: 4113051137097568172

11662 AdnanSaban the Basher (level 11, -3/68 HPs)
             Began as a Gargoyle Fighter on Aug 1, 2023.
             Was a Priest of Okawaru.
             Slain by a death knight
             ... wielding a +2 battleaxe
              (7 damage)
             ... on level 9 of the Dungeon.
             The game lasted 00:17:14 (10645 turns).

AdnanSaban the Basher (Gargoyle Fighter)           Turns: 10645, Time: 00:17:15

Health: -3/68      AC: 28    Str: 24    XL:     11   Next: 81%
Magic:  11/11      EV:  8    Int:  9    God:    Okawaru [***...]
Gold:   678        SH: 11    Dex:  9    Spells: 10/10 levels left

rFire   + . .        K - +3 morningstar
rCold   . . .        c - +0 buckler
rNeg    + . .        H - +0 plate armour
rPois   ∞            m - +0 helmet
rElec   +            z - +1 cloak {rCorr}
rCorr   +            k - +0 pair of gloves
SInv    .            p - +0 pair of boots
Will    +....        M - amulet of reflection Stlth
                     B - ring of protection from fire
HPRegen 0.31/turn    L - ring of willpower
MPRegen 0.12/turn

%: reflection
@: no status effects
A: sickness immunity, AC +8, negative energy resistance 1, electricity
resistance, torment resistance 1, petrification resistance
a: Renounce Religion, Heroism


You were on level 9 of the Dungeon.
You worshipped Okawaru.
Okawaru was most pleased with you.
You visited 3 branches of the dungeon, and saw 12 of its levels.

You collected 678 gold pieces.

Inventory:

Hand Weapons
 K - a +3 morningstar (weapon)
Missiles
 j - 10 poisoned darts (quivered)
 x - a throwing net
 A - 2 boomerangs
Armour
 c - a +0 buckler (worn)
 k - a +0 pair of gloves (worn)
 m - a +0 helmet (worn)
 p - a +0 pair of boots (worn)
 z - a +1 cloak of preservation (worn)
 H - a +0 plate armour (worn)
Jewellery
 B - a ring of protection from fire (left hand)
 L - a ring of willpower (right hand)
 M - an amulet of reflection (around neck)
Wands
 h - a wand of digging (5)
 r - a wand of polymorph (8)
 u - a wand of mindburst (9)
 C - a wand of paralysis (18)
 E - a wand of flame (25)
 I - a wand of roots (8)
Scrolls
 a - 3 scrolls of fear {unknown}
 e - a scroll of torment {unknown}
 f - a scroll of enchant weapon {unknown}
 g - a scroll of amnesia {unknown}
 i - 5 scrolls of identify {unknown}
 n - 4 scrolls of blinking
 o - 2 scrolls of revelation {unknown}
 t - a scroll of summoning {unknown}
 v - 3 scrolls of teleportation {unknown}
 y - a scroll of immolation {unknown}
 F - a scroll of poison {unknown}
 G - a scroll of vulnerability {unknown}
Potions
 b - 3 potions of magic {unknown}
 d - 3 potions of might
 l - 2 potions of heal wounds {unknown}
 q - 5 potions of curing {unknown}
 s - 2 potions of resistance {unknown}
 w - a potion of mutation {unknown}
 D - a potion of brilliance {unknown}
 J - a potion of enlightenment {unknown}


   Skills:
 + Level 8.2 Fighting
 + Level 11.0 Maces & Flails
 + Level 1.2 Throwing
 + Level 9.2 Armour
 + Level 5.3 Dodging
 + Level 2.5 Stealth
 + Level 9.7 Shields


You had 10 spell levels left.
You didn't know any spells.
Your spell library contained the following spells:

 Spells                   Type           Power      Damage    Failure   Level
 Freeze                   Ice            0%         1d3       99%         1
 Shock                    Conj/Air       0%         1d3       99%         1
 Blink                    Tloc           0%         N/A       100%        2
 Static Discharge         Conj/Air       0%         2-2/arc   100%        2
 Ignite Poison            Fire/Tmut/Pois 0%         N/A       100%        3
 Swiftness                Air            0%         N/A       100%        3
 Vhi's Electric Charge    Tloc/Air       0%         N/A       100%        3
 Airstrike                Air            0%         2d(0-16)  100%        4
 Leda's Liquefaction      Hex/Erth       0%         N/A       100%        4
 Passage of Golubria      Tloc           0%         N/A       100%        4
 Sticky Flame             Conj/Fire      0%         2d3       100%        4
 Arcjolt                  Conj/Air       0%         1d10      100%        5
 Lee's Rapid Deconstruct  Erth           0%         3d4*      100%        5
 Metabolic Englaciation   Hex/Ice        0%         N/A       100%        5
 Eringya's Noxious Bog    Tmut/Pois      0%         4d6       100%        6
 Plasma Beam              Fire/Air       0%         2x1d10    100%        6
 Ignition                 Fire           0%         3d3       100%        8
 Summon Lightning Spire   Summ/Air       Unusable   N/A       N/A         4

Dungeon Overview and Level Annotations

Branches:
Dungeon (10/15)            Temple (1/1) D:4            Lair (1/5) D:8
    Orc (0/2) D:9

Altars:
Ashenzari
Cheibriados
Dithmenos
Elyvilon
Fedhas
Gozag
Hepliaklqana
Kikubaaqudgha
Makhleb
Nemelex Xobeh
Okawaru
Qazlal
Ru
Sif Muna
Trog
Uskayaw
Vehumet
Wu Jian
Xom
Yredelemnul
Zin
The Shining One

Shops:
D:1 :   D:4 [((:   D:8 :

Portals:
Abyss: D:4

Annotations:
D:10 Joseph


Innate Abilities, Weirdness & Mutations

You are immune to sickness and miasma.
Your stone body is resilient. (AC +8)
You are immune to poison.
You resist negative energy. (rN+)
You are resistant to electric shocks. (rElec)
You are resistant to unholy torment.
You are immune to petrification.


Message History

You hit the death knight but do no damage.
The death knight is heavily wounded.
You block the death knight's attack.
The death knight reflects your damage back at you!
You hit the death knight but do no damage.
The death knight is heavily wounded.
You barely miss the death knight.
The death knight is heavily wounded.
The death knight hits you but does no damage.
You sock the death knight!
The death knight is heavily wounded.
The death knight reflects your damage back at you!
The death knight hits you but does no damage.
The death knight reflects your damage back at you!
You sock the death knight!
The death knight is severely wounded.
The death knight reflects your damage back at you!
The death knight calls down the wrath of Yredelemnul upon you.
You resist with some effort.
You are too injured to fight recklessly!
You are too injured to fight recklessly!
You are too injured to fight recklessly!
You are too injured to fight recklessly!
You are too injured to fight recklessly!
You are too injured to fight recklessly!
You are too injured to fight recklessly!
You puncture the death knight!
The death knight is almost dead.
The death knight reflects your damage back at you!
The death knight hits you with a +2 battleaxe!!
* * * LOW HITPOINT WARNING * * *
You barely miss the death knight.
The death knight is almost dead.
The death knight's dark mirror aura disappears.
You block the death knight's attack.
The death knight reflects your damage back at you!
You hit the death knight.
The death knight is almost dead.
The death knight hits you with a +2 battleaxe!
You die...

......# #..........#.###....###
......# #..........#.##########
......#####..........#.#⌠.(....⌠#
....[.[.>##..........#.#.._.._..#
....>.##..#.........†#.#⌠......⌠#
......###.'..........#.#........#
......# ###............'########'
####### ##'#########...........
#.)))@p# ###.....#### ######'###
###'#### #.......# #......###
######## #.......# #......'..
.......######.......####......##.
...........##.......#..'......###
.......###.##.......'.##......# #
.......# #.##.......####.....[#
.......# #..#.......# #......#


You could see a death knight (poisoned).

Vanquished Creatures
  A two-headed ogre (D:9)
  Urug (D:9)
  The ghost of Bnni the Mimic, a novice OpSh (D:7)
  An ugly thing (D:9)
  Maurice (D:10)
  A gargoyle (D:10)
  The ghost of Kiciri the Conjurer, a novice DrCj of Vehumet (D:4)
  An ancient zyme (D:4)
  A troll (D:9)
  Grinder (D:5)
  A hornet (D:9)
  4 slime creatures
  2 wyverns
  9 yaks
  2 steam dragons
  6 humans
  Menkaure (D:4)
  2 water moccasins
  2 orc warriors (D:9)
  2 ice beasts (D:7)
  7 black bears
  An ogre (D:6)
  6 centaurs
  A kobold brigand (D:9)
  Blork the orc (D:4)
  6 bullfrogs
  5 scorpions
  5 wights
  14 killer bees
  A howler monkey (D:8)
  2 small abominations (D:4)
  A gnoll bouda (D:9)
  2 hounds
  4 jellies
  Crazy Yiuf (D:5)
  5 orc priests
  A sleepcap (D:4)
  An iguana (D:4)
  7 orc wizards
  11 gnolls
  7 adders
  4 shadow imps
  A white imp (D:5)
  2 ufetubi (D:5)
  A worm (D:2)
  27 orcs
  7 bats
  8 endoplasms
  2 giant cockroaches
  7 goblins
  7 hobgoblins
  A jackal (D:4)
  A quokka (D:2)
  3 ball pythons
  A frilled lizard (D:2)
  14 kobolds
  4 rats
  A spectral goblin (D:5)
221 creatures vanquished.

Notes
Turn   | Place    | Note
-------+----------+-------------------------------------------
     0 | D:1      | AdnanSaban the Gargoyle Fighter began the quest for the
                  | Orb.
     0 | D:1      | Reached XP level 1. HP: 14/14 MP: 1/1
   164 | D:1      | Reached XP level 2. HP: 19/19 MP: 2/2
   393 | D:1      | Found Bofyun's Book Emporium.
   674 | D:2      | Reached XP level 3. HP: 11/23 MP: 3/3
   991 | D:2      | Found a faded altar of an unknown god.
  1006 | D:2      | Got Plato's Book of the Crevasse
  1167 | D:2      | Found a glowing silver altar of Zin.
  1747 | D:3      | Reached skill level 3 in Maces & Flails
  1747 | D:3      | Reached XP level 4. HP: 29/29 MP: 4/4
  2317 | D:4      | Got the Handbook of the Dozen Portals
  2322 | D:4      | Noticed Menkaure
  2326 | D:4      | Killed Menkaure
  2327 | D:4      | Reached skill level 1 in Dodging
  2327 | D:4      | Reached XP level 5. HP: 28/33 MP: 5/5
  2367 | D:5      | Entered Level 5 of the Dungeon
  2399 | D:4      | Reached skill level 4 in Maces & Flails
  2399 | D:4      | Reached XP level 6. HP: 38/38 MP: 6/6
  2671 | D:4      | Found a staircase to the Ecumenical Temple.
  2683 | Temple   | Entered the Ecumenical Temple
  2745 | D:4      | Found a one-way gate to the infinite horrors of the Abyss.
  2745 | D:4      | Noticed Kiciri's ghost (novice DrCj)
  2761 | D:4      | Found a transporter.
  2767 | D:4      | Found a transporter.
  2808 | D:4      | Found Zomnoth's Book Boutique.
  2810 | D:4      | Found Dexapaz's Antique Weapon Shop.
  2812 | D:4      | Found Onge's Antique Armour Emporium.
  2813 | D:4      | Found Goohidd's Antique Weapon Boutique.
  2951 | D:4      | Found a glowing golden altar of the Shining One.
  3155 | D:4      | Reached XP level 7. HP: 44/44 MP: 7/7
  3380 | D:4      | Noticed an ancient zyme
  3591 | D:4      | Killed Kiciri's ghost
  3592 | D:4      | Reached skill level 5 in Maces & Flails
  3592 | D:4      | Reached skill level 5 in Armour
  3668 | D:4      | Killed an ancient zyme
  3669 | D:4      | Reached skill level 5 in Shields
  3669 | D:4      | Reached XP level 8. HP: 40/48 MP: 8/8
  3745 | D:5      | Noticed Grinder
  3748 | D:5      | Paralysed by Grinder for 3 turns
  3752 | D:5      | Paralysed by Grinder for 5 turns
  3779 | D:5      | Killed Grinder
  3780 | D:5      | Reached skill level 5 in Fighting
  3780 | D:5      | Reached skill level 6 in Maces & Flails
  3780 | D:5      | Reached skill level 1 in Stealth
  3892 | D:5      | Noticed Blork the orc
  3913 | D:4      | Killed Blork the orc
  4257 | D:5      | Found a hazy altar of Hepliaklqana.
  4264 | D:5      | Reached XP level 9. HP: 54/54 MP: 9/9
  4314 | D:5      | Got the Octavo of Hexing and Terrain
  4450 | D:5      | Reached skill level 7 in Maces & Flails
  4450 | D:5      | Reached skill level 1 in Throwing
  4476 | D:5      | Found a runed translucent door.
  4477 | D:5      | Noticed Crazy Yiuf
  4773 | D:5      | Found a glowing silver altar of Zin.
  4799 | D:5      | Found a basalt altar of Yredelemnul.
  4858 | D:5      | Killed Crazy Yiuf
  5394 | D:6      | Found a stormy altar of Qazlal.
  5957 | D:7      | Found a runed translucent door.
  6201 | D:7      | Found a bloodstained altar of Trog.
  6229 | D:7      | Reached skill level 8 in Maces & Flails
  6500 | D:7      | Found an ancient bone altar of Kikubaaqudgha.
  6500 | D:7      | Found a sacrificial altar of Ru.
  6909 | D:7      | Noticed Bnni's ghost (novice OpSh)
  7070 | D:7      | Killed Bnni's ghost
  7071 | D:7      | Reached XP level 10. HP: 61/61 MP: 10/10
  7485 | D:7      | Reached skill level 9 in Maces & Flails
  7597 | D:8      | Found a staircase to the Lair.
  8046 | D:8      | Found Eleafeha's Book Shoppe.
  8487 | D:9      | Reached skill level 5 in Dodging
  8578 | D:9      | Noticed a white ugly thing
  8746 | D:9      | Found an iron altar of Okawaru.
  8753 | D:9      | Became a worshipper of Warmaster Okawaru
  8855 | D:8      | Reached XP level 11. HP: 32/67 MP: 11/11
  9071 | D:8      | Reached * piety under Okawaru
  9088 | Lair:1   | Entered Level 1 of the Lair of Beasts
  9171 | D:9      | Killed a white ugly thing
  9352 | D:9      | Reached skill level 10 in Maces & Flails
  9371 | D:9      | Noticed a two-headed ogre
  9379 | D:9      | Killed a two-headed ogre
  9642 | D:9      | Found a white marble altar of Elyvilon.
  9643 | D:9      | Found a shadowy altar of Dithmenos.
  9759 | D:9      | Found a staircase to the Orcish Mines.
  9797 | D:9      | Reached ** piety under Okawaru
 10032 | D:10     | Entered Level 10 of the Dungeon
 10044 | D:10     | Noticed Joseph
 10239 | D:10     | Noticed Urug
 10257 | D:9      | Killed Urug
 10373 | D:10     | Reached *** piety under Okawaru
 10431 | D:10     | Noticed Maurice
 10449 | D:10     | Killed Maurice
 10450 | D:10     | Reached skill level 11 in Maces & Flails
 10607 | D:10     | Noticed a death knight
 10643 | D:9      | HP: 3/68 [death knight/+2 battleaxe (18)]
 10645 | D:9      | Slain by a death knight

Illustrated notes

Levels and vault maps discovered:
D:1:      orjb1_lava_funnel, layout_basic, serial_shops, nicolae_shop_crystal
D:2:      layout_basic, basic_altar, shapermc_ecumenical_altar_rom_forum,
          chequers_serial_rivers_micro_c
D:3:      layout_basic
D:4:      layout_loops_ring, nicolae_tso_carved_into_rock,
          minmay_temple_entry_trees, gammafunk_ghost_abyssal_escape,
          minivault_1, nicolae_wooded_promenade, kennysheep_minor_cross,
          kennysheep_opposing_triangles, uniq_menkaure
D:5:      layout_rooms, nicolae_hepliaklqana_monster_ancestors,
          mainiacjoe_overflow_two_lobes, st_stairs_7, nicolae_titane,
          uniq_grinder, uniq_blork_the_orc, uniq_crazy_yiuf_cottage
D:6:      layout_rooms, old_standard_altar
D:7:      layout_basic, gammafunk_temple_overflow_elements,
          mainiacjoe_overflow_small_starburst, ebering_ghost_reflecting_pool,
          minmay_stone_trees_small, minmay_ruffians
D:8:      layout_basic, due_lair_maze_entry_diamond, serial_shops,
          nicolae_shop_tiny_glass
D:9:      layout_roguey, jmf_multi_god_temple, okawaru_humans, david_orc_3
D:10:     layout_cave_pools, serial_park, serial_park_gazebo
          [serial_park_minivault_5x5_5], serial_park_tiny_pond,
          serial_park_paths [serial_park_minivault_5x5_8], uniq_urug,
          uniq_joseph, uniq_maurice
Temple:   grunt_temple_mini_profane
Lair:1:   layout_regular_city, uniq_maggie, uniq_gastronok

Skill      XL: |  1  2  3  4  5  6  7  8  9 10 11 |
---------------+----------------------------------+-----
Maces & Flails | 3 4 5 6 8 9 11 | 11.0
Fighting       | 4 5 6 7 8 |  8.2
Armour         | 4 5 6 7 8 9 |  9.2
Dodging        | 1 2 3 4 5 |  5.3
Shields        | 4 5 6 8 9 |  9.7
Stealth        | 1 2 |  2.5
Throwing       | 1 |  1.2

Action                     |  1- 3 |  4- 6 |  7- 9 | 10-12 || total
---------------------------+-------+-------+-------+-------++-------
  Melee: Flail             |    49 |       |       |       ||    49
         Whip              |    40 |   133 |   420 |   421 ||  1014
         Morningstar       |       |       |       |   187 ||   187
  Throw: Dart              |       |       |     6 |    15 ||    21
 Armour: Scale mail        |    71 |    60 |   206 |   128 ||   465
         Plate armour      |       |       |       |   216 ||   216
  Dodge: Dodged            |    57 |    64 |   183 |   296 ||   600
  Block: Buckler           |    18 |    30 |    85 |   195 ||   328
         Reflection        |       |       |       |     2 ||     2

Table legend: (Time is in decaauts)
 A = Elapsed time spent in this place.
 B = Non-inter-level travel time spent in this place.
 C = Inter-level travel time spent in this place.
 D = Time resting spent in this place.
 E = Time spent auto-exploring this place.
 F = Levels seen in this place.
 G = Mean time per level.
                   A        B        C        D        E       F      G
               +--------+--------+--------+--------+--------+-----+--------+
         Total |  10431 |   9386 |   1045 |   1152 |   5995 |  12 |  869.2 |
       Dungeon |  10427 |   9382 |   1045 |   1152 |   5995 |  10 | 1042.7 |
        Temple |      1 |      1 |      0 |      0 |      0 |   1 |    1.0 |
          Lair |      1 |      1 |      0 |      0 |      0 |   1 |    1.0 |
               +--------+--------+--------+--------+--------+-----+--------+

Top non-repeatable levels by time:
     D:4: 1734 daAuts
     D:9: 1596 daAuts
     D:7: 1499 daAuts
     D:8: 1169 daAuts
     D:5: 946 daAuts
     D:3: 943 daAuts
     D:6: 904 daAuts
     D:2: 780 daAuts
     D:1: 668 daAuts
    D:10: 186 daAuts
  Temple: 1 daAuts
  Lair:1: 1 daAuts
